 Dungeon Crawl Stone Soup version 0.32-a0-931-g5a2cda0630 (webtiles) character file.

Game seed: 2276319480824610997

312 Biggs the Ruffian (level 6, -5/55 HPs)
             Began as a Troll Gladiator on Apr 14, 2024.
             Slain by an ogre
             ... wielding a +0 giant club
              (17 damage)
             ... on level 4 of the Dungeon.
             The game lasted 00:02:44 (348 turns).

Biggs the Ruffian (Troll Gladiator)                  Turns: 348, Time: 00:02:44

Health: -5/55      AC:  4    Str: 25    XL:     6   Next: 18%
Magic:  5/5        EV:  9    Int:  4    God:
Gold:   84         SH:  0    Dex: 11    Spells: 5/5 levels left

rFire   . .          .
                       - Unarmed
rCold   . . .        (no shield)
rNeg    . . .        a - +0 robe
rPois   .            b - +0 hat
rElec   .            (no cloak)
rCorr   .            (gloves unavailable)
SInv    .            (boots unavailable)
Will    .....        (no amulet)
Stlth   +            (no ring)
HPRegen 1.09/turn    (no ring)
MPRegen 0.09/turn

%: no passive effects
@: no status effects
A: large, unfitting armour, claws 3, regeneration 1, shaggy fur 1, tough skin 1
a: no special abilities


You were on level 4 of the Dungeon.
You visited 1 branch of the dungeon, and saw 4 of its levels.

You collected 84 gold pieces.

Inventory:

Missiles
 c - 3 throwing nets (quivered)
 d - a large rock
Armour
 a - a +0 robe (worn)
 b - a +0 hat (worn)
Jewellery
 e - a ring of magical power
Scrolls
 f - 5 scrolls of identify {unknown}
 g - 2 scrolls of noise {unknown}
 i - a scroll of enchant armour {unknown}
Potions
 h - 2 potions of ambrosia {unknown}
 j - a potion of haste {unknown}


   Skills:
 - Level 1.5 Fighting
 - Level 1.7 Throwing
 - Level 2.4 Dodging
 + Level 7.0 Unarmed Combat


You had 5 spell levels left.
You didn't know any spells.
Your spell library contained the following spells:

 Spells                   Type           Power      Damage    Failure   Level
 Passwall                 Erth           0%         N/A       86%         3
 Volatile Blastmotes      Fire/Tloc      0%         2d10      86%         3
 Vhi's Electric Charge    Tloc/Air       0%         N/A       99%         4
 Bombard                  Conj/Erth      0%         9d1       100%        6


Dungeon Overview and Level Annotations

Branches:
Dungeon (4/15)
 Temple: D:4-7

Altars:


Innate Abilities, Weirdness & Mutations

You are too large for most types of armour.
You have claws for hands.
Your natural rate of healing is unusually fast.
You are covered in fur. (AC +1)
You have tough skin. (AC +1)


Message History

The orc warrior hits you but does no damage.
You scratch the orc warrior.
The orc warrior is moderately wounded.
An orc comes into view. It is wielding a +0 club.
The orc warrior hits you with a +0 short sword.
You closely miss the orc warrior.
The orc warrior is moderately wounded.
The orc shouts!
The orc warrior hits you with a +0 short sword!
You scratch the orc warrior but do no damage.
The orc warrior is moderately wounded.
The orc warrior barely misses you.
Unknown command.
You claw the orc warrior!
The orc warrior is severely wounded.
The orc warrior hits you with a +0 short sword!
You claw the orc warrior!
You kill the orc warrior!
Your Unarmed Combat skill increases to level 7!
You have reached level 6!
You feel stronger.
Unknown command.
Your movement speed is average.
Your attack delay is about 0.8.
Your damage rating with unarmed combat is about 22 (Base [9 + 7 (UC)] x 137% (Str) x 102% (Fight)).
You scratch the orc.
The orc is almost dead.
The orc barely misses you.
You claw the orc!
You kill the orc!
You mangle the orc!!
You kill the orc!
You claw the ogre!
The ogre is heavily wounded.
The ogre hits you with a +0 giant club!!
Ouch! That really hurt!
* * * LOW HITPOINT WARNING * * *
You scratch the ogre but do no damage.
The ogre is heavily wounded.
The ogre hits you with a +0 giant club!
You die...

#..#
#######..# ##
.O.......#
....
######.##...##
###........
#....o.....
#)######.#.
#O# # #@# #.#
#.# #.# #.#
#.# ####.#
#....# .#
#.###### ..#


You could see an ogre.

Vanquished Creatures
  Menkaure (D:4)
  An orc warrior (D:4)
  A hound (D:4)
  Natasha (D:3)
  An adder (D:2)
  A dart slug (D:2)
  4 orcs (D:4)
  3 ball pythons
  3 endoplasms
  A giant cockroach (D:3)
  3 goblins
  A hobgoblin (D:2)
  2 bats (D:2)
  A kobold (D:3)
  2 rats
26 creatures vanquished.

Notes
Turn   | Place    | Note
-------+----------+-------------------------------------------
     0 | D:1      | Biggs the Troll Gladiator began the quest for the Orb.
     0 | D:1      | Reached XP level 1. HP: 19/19 MP: 0/0
    45 | D:2      | Reached XP level 2. HP: 23/27 MP: 1/1
    94 | D:2      | Reached skill level 4 in Unarmed Combat
   175 | D:3      | Noticed Natasha
   181 | D:3      | Killed Natasha
   182 | D:3      | Reached XP level 3. HP: 33/33 MP: 2/2
   230 | D:4      | Noticed Menkaure
   243 | D:4      | Killed Menkaure
   244 | D:4      | Reached skill level 6 in Unarmed Combat
   244 | D:4      | Reached XP level 4. HP: 16/41 MP: 3/3
   244 | D:4      | Reached XP level 5. HP: 19/48 MP: 4/4
   320 | D:4      | Noticed an ogre
   323 | D:4      | Noticed an orc warrior
   342 | D:4      | Killed an orc warrior
   343 | D:4      | Reached skill level 7 in Unarmed Combat
   343 | D:4      | Reached XP level 6. HP: 36/55 MP: 5/5
   348 | D:4      | Slain by an ogre

Illustrated notes

Levels and vault maps discovered:
D:1:      spicycebolla_arrival_ecumenical, layout_basic, nicolae_titane
D:2:      layout_rooms, nrook_uturn, chequers_serial_rivers_large_b,
          chequers_serial_rivers_micro_d, kennysheep_cluttered_room
D:3:      layout_basic, lemuel_crystal_altar, minivault_24, uniq_natasha
D:4:      layout_loops_ring, grunt_gozag_breadcrumbs, uniq_menkaure

Skill      XL: |  1  2  3  4  5 |
---------------+----------------+-----
Unarmed Combat | 4 6 7 |  7.0
Fighting       | |  1.5
Throwing       | |  1.7
Dodging        | |  2.4

Action                     |  1- 3 |  4- 6 || total
---------------------------+-------+-------++-------
  Melee: Unarmed           |    49 |    33 ||    82
         Punch             |       |     1 ||     1
 Armour: Robe              |    40 |    21 ||    61
  Dodge: Dodged            |    27 |    12 ||    39

Table legend: (Time is in decaauts)
 A = Elapsed time spent in this place.
 B = Non-inter-level travel time spent in this place.
 C = Inter-level travel time spent in this place.
 D = Time resting spent in this place.
 E = Time spent auto-exploring this place.
 F = Levels seen in this place.
 G = Mean time per level.
                   A        B        C        D        E       F      G
               +--------+--------+--------+--------+--------+-----+--------+
         Total |    348 |    348 |      0 |      0 |      0 |   4 |   87.0 |
       Dungeon |    348 |    348 |      0 |      0 |      0 |   4 |   87.0 |
               +--------+--------+--------+--------+--------+-----+--------+

Top non-repeatable levels by time:
     D:4: 118 daAuts
     D:3: 106 daAuts
     D:2: 93 daAuts
     D:1: 30 daAuts
